 Dungeon Crawl Stone Soup version 0.30-a0-1116-gebefce21f7 (webtiles) character file.

Game seed: 4188491557076126717

247 NinjaNoafa the Slasher (level 6, -1/47 HPs)
             Began as a Merfolk Monk on Apr 21, 2023.
             Slain by an orc
             ... wielding a +0 flail of protection
              (4 damage)
             ... on level 3 of the Dungeon.
             The game lasted 00:03:01 (1608 turns).

NinjaNoafa the Slasher (Merfolk Monk)               Turns: 1608, Time: 00:03:01

Health: -1/47      AC:  3    Str: 12    XL:     6   Next: 11%
Magic:  5/6        EV: 14    Int:  9    God:
Gold:   98         SH:  5    Dex: 18    Spells: 5/5 levels left

rFire   . . .      SeeInvis .    a - +0 falchion
rCold   . . .      Faith    .    d - orb {light}
rNeg    . . .      Spirit   .    b - +0 robe
rPois   .          Reflect  +    (no helmet)
rElec   .          Rampage  .    c - +0 cloak
rCorr   .                        (no gloves)
Will    .....                    (no boots)
Stlth   +                        l - amulet of reflection
HPRegen 0.27/turn                (no ring)
MPRegen 0.10/turn                (no ring)

@: hasted, glowing, very quick
A: (nimble swimmer 2), mertail
a: no special abilities


You were on level 3 of the Dungeon.
You visited 1 branch of the dungeon, and saw 3 of its levels.

You collected 98 gold pieces.

Inventory:

Hand Weapons
 a - a +0 falchion (weapon)
Missiles
 g - 7 poisoned darts (quivered)
Armour
 b - a +0 robe (worn)
 c - a +0 cloak (worn)
 d - an orb of light (worn)
Jewellery
 l - an amulet of reflection (around neck)
Scrolls
 e - a scroll of silence {unknown}
 f - a scroll of enchant armour {unknown}
 h - a scroll of magic mapping {unknown}
 j - 4 scrolls of teleportation
 o - a scroll of identify {unknown}
 p - a scroll of summoning {unknown}
Potions
 k - a potion of attraction {unknown}
 m - a potion of heal wounds {unknown}
 n - a potion of might {unknown}


   Skills:
 + Level 3.6 Fighting
 - Level 7.6 Long Blades
 + Level 4.4 Dodging


You had 5 spell levels left.
You didn't know any spells.
Your spell library was empty.

Dungeon Overview and Level Annotations

Branches:
Dungeon (3/15)

Altars:
Yredelemnul

Shops:
D:2 (

Annotations:
D:3 Robin


Innate Abilities, Weirdness & Mutations

((You are very nimble when in or above water. (Stealth+, EV+, Speed+++)))
Your lower body shifts to a powerful aquatic tail in water.


Message History

The goblin barely misses you.
Unknown command.
Okay, then.
You hit the hobgoblin.
The hobgoblin is almost dead.
Robin hits you from afar with a +4 antimagic spear.
* * * LOW HITPOINT WARNING * * *
You feel your power leaking away. The goblin closely misses you.
The hobgoblin barely misses you. The goblin misses you.
Unknown command.
You barely miss the hobgoblin.
The hobgoblin is almost dead.
Unknown command.
Unknown command.
You hit the hobgoblin.
You kill the hobgoblin!
Your surroundings suddenly seem different.
An orc, 2 orc wizards and a hobgoblin come into view.
The orc is wielding a +0 flail of protection.
Found a dagger and a book of Spatial Translocations.
Found a stone staircase leading up.
The orc wizard points at you and mumbles some strange words.
You resist with some effort.
The orc wizard points at you and mumbles some strange words.
You resist with some effort.
The orc shouts!
It was a potion of haste.
You feel yourself speed up.
You hear a shout!
The orc wizard gestures at you while chanting.
The puff of flame misses you. The orc misses you.
Okay, then.
You block the orc's attack.
You hit the orc wizard but do no damage.
The hobgoblin hits you.
* * * LOW HITPOINT WARNING * * *
The orc wizard hits you with a +0 dagger.
* * * LOW HITPOINT WARNING * * *
The orc hits you with a +0 flail of protection.
You die...

# .: ... #...
.....
......##########
.......o@.......
.......ogo......
................
...........)....
................
...........<....
###.........####
..........#


You could see 2 orc wizards, an orc and a hobgoblin.

Vanquished Creatures
  Sigmund (D:2)
  Jessica (D:3)
  2 adders (D:2)
  An orc (D:3)
  4 endoplasms
  2 giant cockroaches (D:2)
  7 goblins
  4 hobgoblins
  6 jackals (D:1)
  5 ball pythons
  4 bats
  A frilled lizard (D:2)
  4 kobolds
42 creatures vanquished.

Notes
Turn   | Place    | Note
-------+----------+-------------------------------------------
     0 | D:1      | NinjaNoafa the Merfolk Monk began the quest for the Orb.
     0 | D:1      | Reached XP level 1. HP: 18/18 MP: 1/1
   141 | D:1      | Reached skill level 4 in Long Blades
   174 | D:1      | Reached XP level 2. HP: 24/24 MP: 2/2
   620 | D:2      | Reached skill level 5 in Long Blades
   620 | D:2      | Reached XP level 3. HP: 15/29 MP: 3/3
   828 | D:2      | Found a faded altar of an unknown god.
   846 | D:2      | Noticed Sigmund
   868 | D:2      | Killed Sigmund
   869 | D:2      | Reached skill level 7 in Long Blades
   869 | D:2      | Reached XP level 4. HP: 29/35 MP: 4/4
   869 | D:2      | Reached XP level 5. HP: 34/41 MP: 5/5
  1159 | D:2      | Found Ynymadac's Antique Weapon Shop.
  1362 | D:3      | Found a basalt altar of Yredelemnul.
  1562 | D:3      | Noticed Jessica
  1566 | D:3      | Noticed Robin
  1588 | D:3      | Killed Jessica
  1589 | D:3      | Reached XP level 6. HP: 28/47 MP: 6/6
  1608 | D:3      | Slain by an orc

Illustrated notes

Levels and vault maps discovered:
D:1:      lemuel_arrival_river_ford, layout_basic, minmay_misc_feat_enclosed,
          minmay_misc_feat_rows, minmay_3d_cube
D:2:      layout_rooms, hellmonk_ecumenical_altar_crossroads, serial_shops,
          shop, uniq_sigmund
D:3:      layout_basic, nicolae_overflow_crystal_walls, uniq_robin,
          uniq_crazy_yiuf_cottage, uniq_jessica

Skill      XL: |  1  2  3 |
---------------+----------+-----
Long Blades    | 4 5 7 |  7.6
Fighting       | |  3.6
Dodging        | |  4.4

Action                     |  1- 3 |  4- 6 || total
---------------------------+-------+-------++-------
  Melee: Falchion          |    65 |    49 ||   114
  Throw: Dart              |     7 |       ||     7
    Use: Potion            |     1 |     1 ||     2
         Scroll            |       |     1 ||     1
 Armour: Robe              |    13 |    11 ||    24
  Dodge: Dodged            |    59 |    53 ||   112
  Block: Orb               |       |    16 ||    16

Table legend: (Time is in decaauts)
 A = Elapsed time spent in this place.
 B = Non-inter-level travel time spent in this place.
 C = Inter-level travel time spent in this place.
 D = Time resting spent in this place.
 E = Time spent auto-exploring this place.
 F = Levels seen in this place.
 G = Mean time per level.
                   A        B        C        D        E       F      G
               +--------+--------+--------+--------+--------+-----+--------+
         Total |   1604 |   1532 |     72 |    130 |   1004 |   3 |  534.7 |
       Dungeon |   1604 |   1532 |     72 |    130 |   1004 |   3 |  534.7 |
               +--------+--------+--------+--------+--------+-----+--------+

Top non-repeatable levels by time:
     D:2: 674 daAuts
     D:1: 665 daAuts
     D:3: 265 daAuts
